 Dungeon Crawl Stone Soup version 0.23.2-30-g0e89c35649 (webtiles) character file.

Game seed: 6180065094849649403

12676 Mrkan the Carver (level 11, 0/87 HPs)
             Began as a Minotaur Fighter on June 25, 2019.
             Was a High Priest of Hepliaklqana.
             Succumbed to a killer bee's poison
             ... on level 1 of the Lair of Beasts.
             The game lasted 00:23:39 (9375 turns).

Mrkan the Carver (Minotaur Fighter)                 Turns: 9375, Time: 00:23:40

Health: 0/87       AC: 21    Str: 25    XL:     11   Next: 65%
Magic:  16/16      EV:  8    Int:  5    God:    Hepliaklqana [*****.]
Gold:   529        SH: 12    Dex: 18    Spells: 10/10 levels left

rFire    + . .     SeeInvis +   a - +0 long sword
rCold    . . .     Gourm    .   c - +0 shield
rNeg     . . .     Faith    .   t - +4 scale mail "Eroahett" {rF+ SInv}
rPois    +         Spirit   .   D - +2 hat
rElec    .         Reflect  .   q - +0 cloak
rCorr    .         Harm     .   I - +2 pair of gloves
MR       .....                  x - +1 pair of boots
Stlth    ..........             e - amulet of regeneration
HPRegen  0.64/turn              s - ring of poison resistance
MPRegen  0.15/turn              k - +4 ring of dexterity

@: mighty, lethally poisoned (0 -> -1)
A: retaliatory headbutt, reduced essence, horns 2
a: Recall Ancestor, Ancestor Identity, Transference, Idealise, Renounce Religion


You were on level 1 of the Lair of Beasts.
You worshipped Hepliaklqana.
Hepliaklqana was extremely pleased with you.
You were not hungry.

You visited 2 branches of the dungeon, and saw 12 of its levels.

You collected 529 gold pieces.

Inventory:

Hand Weapons
 a - a +0 long sword (weapon)
 b - a +3 trident
 w - a +6 flail of holy wrath
Armour
 c - a +0 shield (worn)
 q - a +0 cloak (worn)
 t - the +4 scale mail "Eroahett" (worn) {rF+ SInv}
   (You found it on level 6 of the Dungeon)

   It protects you from fire.
   It lets you see invisible.
 x - a +1 pair of boots (worn)
 D - a +2 hat (worn)
 I - a +2 pair of gloves (worn)
Jewellery
 e - an amulet of regeneration (around neck)
 k - a +4 ring of dexterity (right hand)
 s - a ring of poison resistance (left hand)
 G - an uncursed ring of protection from fire
 K - an uncursed ring of protection from magic {unknown}
 L - a +3 ring of strength
Wands
 i - a wand of disintegration (17)
 r - a wand of flame (38)
 H - a wand of polymorph (4)
 R - a wand of scattershot (4)
Scrolls
 g - a scroll of fog {unknown}
 h - 7 scrolls of remove curse
 j - 5 scrolls of identify
 n - 4 scrolls of amnesia {unknown}
 o - 3 scrolls of enchant armour {unknown}
 y - 2 scrolls of fear {unknown}
 E - 2 scrolls of blinking {unknown}
 F - 3 scrolls of noise {unknown}
 J - a scroll of immolation {unknown}
 M - 3 scrolls of teleportation {unknown}
 P - a scroll of magic mapping {unknown}
Potions
 d - a potion of might
 l - 4 potions of flight {unknown}
 m - a potion of agility {unknown}
 p - 4 potions of heal wounds {unknown}
 u - 4 potions of lignification {unknown}
 z - a potion of haste {unknown}
 A - a potion of cancellation {unknown}
 B - 2 potions of mutation {unknown}
 C - a potion of degeneration {unknown}
 O - a potion of resistance {unknown}
 Q - a potion of magic {unknown}
 S - a potion of brilliance {unknown}
Comestibles
 f - 19 rations
 N - 7 chunks of flesh


   Skills:
 - Level 9.4 Fighting
 * Level 14.6 Long Blades
 + Level 7.5 Armour
 + Level 9.0 Shields
 + Level 8.0 Invocations


You had 10 spell levels left.
You didn't know any spells.
Your spell library contained the following spells:

 Spells                   Type           Power        Failure   Level  Hunger
 Beastly Appendage        Tmut           #.....       94%         1    ##.....
 Corona                   Hex            #......      94%         1    ##.....
 Sandblast                Erth           #.....       94%         1    ##.....
 Shock                    Conj/Air       #...         94%         1    ##.....
 Ensorcelled Hibernation  Hex/Ice        #.....       98%         2    ###....
 Passwall                 Tmut/Erth      #.......     98%         2    ###....
 Sticks to Snakes         Tmut           #.......     98%         2    ###....
 Swiftness                Chrm/Air       #.......     98%         2    ###....
 Confuse                  Hex            #.......     100%        3    ####...
 Dazzling Spray           Conj/Hex       #.....       100%        3    ####...
 Spider Form              Tmut/Pois      #.........   100%        3    ####...
 Static Discharge         Conj/Air       #.......     100%        3    ####...
 Stone Arrow              Conj/Erth      #.....       100%        3    ####...
 Tukima's Dance           Hex            #.......     100%        3    ####...
 Airstrike                Air            #.........   100%        4    #####..
 Ice Form                 Ice/Tmut       #.......     100%        4    #####..
 Petrify                  Tmut/Erth      #.......     100%        4    #####..
 Blade Hands              Tmut           #.........   100%        5    ######.
 Lee's Rapid Deconstruct  Erth           #.........   100%        5    ######.
 Lightning Bolt           Conj/Air       #.........   100%        5    ######.


Dungeon Overview and Level Annotations

Branches:
Dungeon (11/15)            Temple (0/1) D:6            Lair (1/6) D:9
    Orc (0/2) D:9

Altars:
Cheibriados
Fedhas
Hepliaklqana
Makhleb
Qazlal
Uskayaw
Wu Jian
Xom
Zin
Beogh

Shops:
D:6 :(


Innate Abilities, Weirdness & Mutations

You reflexively headbutt those who attack you in melee.
You have a pair of horns on your head.
Your life essence is reduced to manifest your ancestor. (-10% HP)


Message History

The killer bee is almost dead.
The killer bee stings you but does no damage.
You miss the killer bee.
The killer bee is almost dead.
You feel sick.
The killer bee stings you but does no damage.
You closely miss the killer bee.
The killer bee is severely wounded.
You block the killer bee's attack. The killer bee stings you.
* * * LOW HITPOINT WARNING * * *
You feel very mighty all of a sudden. The killer bee stings you.
* * * LOW HITPOINT WARNING * * *
The killer bee stings you.
* * * LOW HITPOINT WARNING * * *
You are lethally poisoned!
The killer bee poisons you!
You closely miss the killer bee. Your headbutt misses the killer bee.
The killer bee is severely wounded.
You die...

#.............# ............
#...y.......####...........
##...††.....# #.............
#......†.y.# ###....[.......
###..††..R####..............
..........#y#÷##.............
#####.#..yyy†)...............
#########y(..............
##@#...†...........
####.##...............
#...###...##..###P.... .....#
#.....#...##### #..(. ......
##.......[# .... ......#.
##(.......# ... .......#
#.........## .. .......##
##.........# .. ........###
##........##


You could see a killer bee.

Vanquished Creatures
  A two-headed ogre (D:9)
  2 death yaks (D:9)
  An ugly thing (D:10)
  Joseph (Lair:1)
  A black mamba (Lair:1)
  A hornet (D:10)
  3 hippogriffs
  A spriggan (D:7)
  Sigmund (D:5)
  7 yaks (D:9)
  A basilisk (Lair:1)
  Edmund (D:4)
  2 water moccasins
  3 orc warriors (D:9)
  A porcupine (Lair:1)
  2 ice beasts
  2 black bears
  3 phantoms
  4 ogres
  6 wolves (Lair:1)
  6 centaurs
  2 necrophages
  4 bullfrogs
  A wyvern skeleton (D:8)
  A scorpion (D:5)
  21 killer bees
  3 wights (D:9)
  5 crimson imps
  2 bullfrog zombies
  A quasit (D:5)
  4 hounds
  2 jellies
  3 orc priests
  A centaur skeleton (D:9)
  Crazy Yiuf (D:2)
  A gnoll shaman (D:5)
  2 iguanas
  A hell rat (D:9)
  6 orc wizards
  6 worker ants
  2 hound skeletons
  2 worker ant zombies
  5 gnolls
  13 adders
  2 river rats (D:9)
  A shadow imp (D:5)
  An ooze (D:1)
  An adder skeleton (D:7)
  An adder zombie (D:9)
  A worm (D:2)
  2 dart slugs
  4 leopard geckos
  22 orcs
  2 ball pythons
  3 giant cockroaches
  12 goblins
  5 hobgoblins
  11 jackals
  6 quokkas
  11 bats
  2 frilled lizards
  A jackal zombie (D:6)
  7 kobolds
  A leopard gecko skeleton (D:5)
  A leopard gecko zombie (D:5)
  5 rats
241 creatures vanquished.

Vanquished Creatures (collateral kills)
  A two-headed ogre (D:8)
  A death yak (D:9)
  A hippogriff (D:9)
  2 ogres
  2 wights (D:9)
  A hound (D:6)
  A jelly (D:6)
  2 orc wizards
  An orc priest (D:9)
  3 worker ants
  2 gnolls (D:4)
  An adder (D:4)
  4 orcs
  A hobgoblin (D:4)
  A quokka (D:5)
  A frilled lizard (D:3)
  2 rats
27 creatures vanquished.

Vanquished Creatures (others)
  9 hexers
  5 ancestors
14 creatures vanquished.

Grand Total: 282 creatures vanquished

Notes
Turn   | Place    | Note
-------+----------+-------------------------------------------
     0 | D:1      | Mrkan the Minotaur Fighter began the quest for the Orb.
     0 | D:1      | Reached XP level 1. HP: 19/19 MP: 0/0
    62 | D:1      | Reached skill level 3 in Long Blades
    62 | D:1      | Reached XP level 2. HP: 21/27 MP: 1/1
   314 | D:1      | Reached XP level 3. HP: 32/33 MP: 2/2
   711 | D:2      | Found a stormy altar of Qazlal.
  1028 | D:2      | Reached skill level 4 in Long Blades
  1033 | D:2      | Reached XP level 4. HP: 41/41 MP: 3/3
  1287 | D:2      | Found a runed translucent door.
  1288 | D:2      | Noticed Crazy Yiuf
  1298 | D:2      | Killed Crazy Yiuf
  1593 | D:3      | Found a hazy altar of Hepliaklqana.
  1599 | D:3      | Became a worshipper of Hepliaklqana the Forgotten
  1894 | D:3      | Found a blossoming altar of Fedhas.
  1895 | D:3      | Found a snail-covered altar of Cheibriados.
  1896 | D:3      | Found an ornate altar of the Wu Jian Council.
  1957 | D:3      | Reached XP level 5. HP: 41/42 MP: 4/4
  2339 | D:4      | Reached skill level 5 in Long Blades
  2415 | D:4      | Reached skill level 5 in Fighting
  2429 | D:4      | Reached * piety under Hepliaklqana
  2483 | D:4      | Reached skill level 5 in Shields
  2534 | D:4      | Reached XP level 6. HP: 50/50 MP: 5/5
  2632 | D:4      | Reached skill level 6 in Long Blades
  2720 | D:4      | Found a hide-covered altar of Uskayaw.
  2738 | D:4      | Noticed Edmund
  2769 | D:4      | Killed Edmund
  2769 | D:4      | Reached XP level 7. HP: 19/55 MP: 6/6
  3011 | D:4      | Reached skill level 7 in Long Blades
  3444 | D:5      | Entered Level 5 of the Dungeon
  3451 | D:5      | Reached skill level 1 in Invocations
  3466 | D:5      | Reached skill level 8 in Long Blades
  3515 | D:5      | Noticed Sigmund
  3527 | D:5      | Killed Sigmund
  3527 | D:5      | Reached XP level 8. HP: 47/63 MP: 8/8
  3729 | D:5      | Found a glowing silver altar of Zin.
  3820 | D:5      | Reached skill level 9 in Long Blades
  3857 | D:5      | Reached ** piety under Hepliaklqana
  3858 | D:5      | Remembered your ancestor Shigeru as a hexer
  4592 | D:6      | Reached skill level 10 in Long Blades
  4657 | D:6      | Reached XP level 9. HP: 72/72 MP: 10/10
  4682 | D:6      | Found a staircase to the Ecumenical Temple.
  4773 | D:6      | Found Xuontemp's Book Shop.
  4794 | D:6      | Reached *** piety under Hepliaklqana
  4803 | D:6      | Got a brightly glowing scale mail
  4814 | D:6      | Identified the +4 scale mail "Eroahett" {rF+ SInv} (You
                  | found it on level 6 of the Dungeon)
  4972 | D:6      | Found Foigum's Weapon Emporium.
  5443 | D:7      | Reached skill level 11 in Long Blades
  5476 | D:7      | Found a burning altar of Makhleb.
  5613 | D:7      | Reached skill level 5 in Invocations
  6074 | D:8      | Noticed a two-headed ogre
  6149 | D:8      | Killed a two-headed ogre
  6149 | D:8      | Reached skill level 12 in Long Blades
  6149 | D:8      | Reached XP level 10. HP: 81/81 MP: 11/13
  6454 | D:8      | You fall through a shaft for 3 floors!
  6462 | D:11     | Noticed a red ugly thing
  6476 | D:10     | Entered Level 10 of the Dungeon
  6496 | D:10     | Killed a red ugly thing
  6657 | D:10     | Reached **** piety under Hepliaklqana
  6693 | D:10     | Found the +7 mace of Variability {chain chaos}
  7032 | D:9      | Noticed a death yak
  7033 | D:9      | Noticed a death yak
  7038 | D:9      | Noticed a death yak
  7118 | D:9      | Killed a death yak
  7118 | D:9      | Reached skill level 13 in Long Blades
  7118 | D:9      | Reached skill level 5 in Armour
  7323 | D:9      | Found a staircase to the Lair.
  7429 | D:9      | Killed a death yak
  7455 | D:9      | Killed a death yak
  7551 | D:9      | Reached XP level 11. HP: 61/87 MP: 15/15
  7735 | D:9      | Noticed a two-headed ogre
  7753 | D:9      | Killed a two-headed ogre
  7761 | D:9      | Found a staircase to the Orcish Mines.
  7773 | D:9      | Found a roughly hewn altar of Beogh.
  7783 | D:9      | Reached skill level 14 in Long Blades
  7949 | D:9      | Found a shimmering altar of Xom.
  9107 | Lair:1   | Entered Level 1 of the Lair of Beasts
  9201 | Lair:1   | Noticed Joseph
  9248 | Lair:1   | Killed Joseph
  9273 | Lair:1   | Reached ***** piety under Hepliaklqana
  9374 | Lair:1   | HP: 2/87 [killer bee (4)]
  9375 | Lair:1   | Succumbed to a killer bee's poison

Skill      XL: |  1  2  3  4  5  6  7  8  9 10 11 |
---------------+----------------------------------+-----
Long Blades    | 3 4 5 6 8 10 12 13 14 | 14.6
Shields        | 4 5 6 7 9 |  9.0
Fighting       | 4 5 6 8 9 |  9.4
Invocations    | 2 3 5 7 8 |  8.0
Armour         | 6 7 |  7.5

Action                   |  1- 3 |  4- 6 |  7- 9 | 10-12 || total
-------------------------+-------+-------+-------+-------++-------
Melee: Long sword        |    89 |   127 |   278 |   434 ||   928
       Headbutt          |     9 |    27 |    61 |   134 ||   231
Invok: Recall Ancestor   |       |     1 |       |     1 ||     2
       Ancestor Identity |       |     1 |       |       ||     1
       Ancestor Life: He |       |       |     1 |       ||     1
Evoke: Wand              |       |       |       |     3 ||     3
  Use: Scroll            |       |       |     4 |       ||     4
       Potion            |       |       |       |     4 ||     4
 Stab: Distracted        |       |       |     5 |     5 ||    10
       Confused          |       |       |     1 |     2 ||     3
  Eat: Chunk             |       |     6 |     7 |     5 ||    18
       Ration            |       |       |     1 |     2 ||     3
Armor: Scale mail        |    48 |    25 |    31 |   243 ||   347
       Chain mail        |       |    22 |    81 |       ||   103
Dodge: Dodged            |    33 |    30 |    38 |   133 ||   234
Block: Shield            |    57 |    54 |   149 |   276 ||   536
       Rpst.: Long sword |     6 |     9 |    13 |    41 ||    69
